AoeStats
← Baily

MegaRandom

507938240Analyzed
4v4 RM · 13d ago on Sep 20, 2026· 69m 14s· 8 players
Game mode
Random Map
Map size
Large (8 player)
Population
200
Speed
Normal
Resources
Standard
Victory
Conquest
Starting age
Dark Age
Ending age
Imperial Age
RankedLock teamsTeams togetherTeam positionsShared explorationLock speedFull tech treeHidden civsTurbo modeCheats
Victory
Defeat
🇨🇳 Tatars · China
761
+12
🇮🇳 Turks · India
752
+12
🇻🇳 Persians · Vietnam
639
+17
🇨🇳 Persians · China
580
+19
🇲🇽 Saracens · Mexico
775
-19
🇨🇴 Gurjaras · Colombia
668
-15
🇲🇾 Bohemians · Malaysia
658
-15
🇨🇴 Turks · Colombia
569
-11
ostiinn
0:40 Loom
14:03 Feudal Age
15:09 Horse Collar
18:25 Castle Age
17:05 Double-Bit Axe
19:49 Bow Saw
19:53 Heavy Plow
21:16 Wheelbarrow
35:54 Imperial Age
34:59 Fletching
35:11 Padded Archer Armor
35:21 Forging
35:17 Scale Barding Armor
35:55 Elite Mameluke
37:03 Conscription
37:17 Caravan
38:56 Bloodlines
38:47 Husbandry
40:15 Ballistics
39:48 Heavy Camel Rider
42:53 Bimaristan
43:04 Redemption
49:58 Chemistry
49:14 Bodkin Arrow
49:34 Leather Archer Armor
55:31 Bracer
56:02 Ring Archer Armor
68:51 Iron Casting
Balardroch
0:49 Loom
11:29 Feudal Age
26:48 Castle Age
24:58 Horse Collar
28:36 Heavy Plow
28:23 Double-Bit Axe
29:45 Wheelbarrow
28:55 Town Watch
30:16 Caravan
31:24 Fervor
32:19 Bow Saw
33:10 Forging
33:06 Scale Barding Armor
33:05 Husbandry
33:15 Bloodlines
38:06 Hand Cart
38:30 Iron Casting
38:16 Chain Barding Armor
43:59 Imperial Age
43:06 Kshatriyas
43:05 Scale Mail Armor
43:36 Arson
45:23 Chain Mail Armor
47:32 Conscription
49:28 Plate Mail Armor
51:36 Fortified Wall
51:22 Murder Holes
59:17 Heavy Camel Rider
60:31 Fletching
64:20 Elite Chakram Thrower
[PK]Dasaco
7:36 Loom
11:48 Feudal Age
12:31 Double-Bit Axe
17:47 Wheelbarrow
19:51 Horse Collar
20:03 Gold Mining
20:08 Stone Mining
24:57 Castle Age
27:36 Gold Shaft Mining
27:07 Heavy Plow
29:05 Hand Cart
40:06 Imperial Age
40:21 Husbandry
40:47 Fortified Wall
40:28 Heated Shot
40:59 Ballistics
40:21 Capped Ram
40:40 Heavy Cavalry Archer
41:46 Parthian Tactics
41:36 Treadmill Crane
42:18 Bombard Tower
45:12 Sipahi
45:29 Hoardings
44:22 Heavy Camel Rider
51:24 Bloodlines
58:06 Scale Barding Armor
58:03 Padded Archer Armor
63:28 Masonry
63:14 Murder Holes
saw_moss
10:04 Loom
14:07 Feudal Age
14:42 Town Watch
14:46 Double-Bit Axe
17:54 Arson
20:47 Man-at-Arms
21:19 Horse Collar
25:46 Castle Age
27:08 Town Patrol
27:19 Fletching
27:29 Padded Archer Armor
31:15 Fishing Lines
30:59 Demolition Ship
34:02 Bow Saw
36:04 Gillnets
38:15 Pikeman
38:55 Squires
41:20 Medium Warships
40:32 Demolition Ship
44:06 Scale Mail Armor
46:05 Treadmill Crane
49:20 Padded Archer Armor
51:48 Caravan
56:04 Wheelbarrow
56:13 Husbandry
56:26 Squires
59:05 Masonry
61:30 Hand Cart
61:58 Heavy Plow
62:17 Murder Holes
63:48 Scale Barding Armor
64:42 Fortified Wall
65:11 Forging
Baily
12:37 Feudal Age
13:48 Wheelbarrow
13:05 Double-Bit Axe
13:19 Gold Mining
15:43 Wheelbarrow
19:29 Loom
22:45 Castle Age
25:02 Pikeman
25:42 Squires
25:45 Pikeman
26:49 Bow Saw
26:22 Horse Collar
31:20 Scale Barding Armor
31:26 Forging
31:18 Scale Mail Armor
35:32 Husbandry
41:31 Gold Shaft Mining
40:59 Heavy Plow
45:51 Murder Holes
47:39 Hand Cart
49:10 Stone Mining
49:45 Ballistics
52:16 Imperial Age
50:09 Kamandaran
49:42 Crossbowman
50:28 Thumb Ring
60:17 Caravan
60:47 Coinage
61:32 Squires
63:36 Citadels
63:41 Caravan
64:12 Coinage
65:26 Iron Casting
64:54 Padded Archer Armor
64:44 Fletching
65:15 Chain Mail Armor
65:55 Conscription
GURU
0:53 Loom
11:28 Feudal Age
12:44 Wheelbarrow
11:57 Horse Collar
14:11 Double-Bit Axe
17:50 Gold Mining
21:01 Castle Age
21:17 Scale Barding Armor
21:39 Bow Saw
21:50 Heavy Plow
21:58 Husbandry
27:51 Forging
34:42 Imperial Age
34:10 Coinage
34:43 Hand Cart
35:36 Cavalier
36:30 Town Watch
38:23 Chain Barding Armor
42:49 Pikeman
43:48 Squires
47:18 Conscription
49:32 Scale Mail Armor
50:08 Iron Casting
54:50 Caravan
56:51 Plate Barding Armor
57:51 Two-Man Saw
57:31 Chain Mail Armor
58:10 Crop Rotation
58:28 Banking
59:18 Halberdier
67:13 Savar
69:57 Plate Mail Armor
JAMES GAAND
14:51 Feudal Age
15:42 Double-Bit Axe
17:28 Gold Mining
19:02 Fishing Lines
27:29 Scale Mail Armor
27:42 Forging
27:40 Scale Barding Armor
31:03 Castle Age
31:09 Castle Age
30:35 Bloodlines
32:35 Husbandry
33:16 Iron Casting
33:02 Chain Barding Armor
33:54 Stone Mining
34:39 Gold Shaft Mining
34:57 Bow Saw
35:51 Wheelbarrow
35:39 Caravan
39:08 Gold Shaft Mining
49:59 Imperial Age
50:24 Heavy Camel Rider
56:50 Conscription
59:48 Blast Furnace
63:20 Heavy Scorpion
66:59 Plate Barding Armor
67:42 Elite Cannon Galleon
noob
14:15 Feudal Age
13:13 Loom
14:52 Horse Collar
15:01 Double-Bit Axe
21:22 Castle Age
19:38 Gold Mining
19:49 Fletching
21:27 Padded Archer Armor
21:21 Fishing Lines
22:38 Bow Saw
22:30 Heavy Plow
23:51 Bodkin Arrow
26:02 Leather Archer Armor
28:42 Wheelbarrow
29:45 Gold Shaft Mining
31:36 Scale Barding Armor
31:43 Forging
35:40 Imperial Age
33:28 Hand Cart
32:58 Town Watch
34:52 Ballistics
35:16 Stone Mining
37:37 Chemistry
36:02 Heavy Cavalry Archer
37:29 Husbandry
37:44 Bloodlines
36:58 Light Cavalry
39:08 Chain Barding Armor
38:49 Bracer
39:20 Ring Archer Armor
39:26 Iron Casting
39:39 Crop Rotation
39:12 Caravan
41:26 Ring Archer Armor
41:33 Plate Barding Armor
41:22 Conscription
41:03 Silk Armor
44:14 Elite Keshik
48:54 Hussar
52:11 Guilds
52:35 Coinage
52:17 Guilds
54:06 Banking
53:47 Elite Skirmisher
68:42 Elite Steppe Lancer
Connection lost

Rejoining the realm…

Still unreachable

The connection could not be restored.

Session expired

The server has moved on; the page needs a fresh start.